Map: Blackpink LE

Players

ClarkKent - Winner!

  • Race: Protoss Protoss
  • League: Platinum
  • Spawn Location: 7:00

Kozzy

  • Race: Protoss Protoss
  • League: Gold
  • Spawn Location: 1:00

VOD

Have the link to the VOD?

Description

Time

  • Played on: April 4, 2018, 2:15 a.m.
  • Length: 10:48
Show
View Real Time Build Order
Export as new Build Order

ClarkKent Protoss - Winner!

Build Orders: Double Forge 

Get SALT Encoding   

  12  0:01  Probe (Chrono Boost)  
  13  0:13  Probe (Chrono Boost)  
  14  0:18  Pylon  
  14  0:21  Probe (Chrono Boost)  
  15  0:36  Probe  
  15  0:40  Gateway  
  16  0:47  Assimilator  
  16  0:48  Probe  
  17  1:00  Probe (Chrono Boost)  
  18  1:05  Gateway  
  19  1:12  Probe (Chrono Boost)  
  19  1:19  Probe (Chrono Boost)  
  19  1:23  Assimilator  
  20  1:26  Probe  
  21  1:36  Cybernetics Core  
  21  1:38  Pylon, Probe  
  22  1:51  Probe  
  23  2:10  Gateway  
  23  2:11  Gateway, Warp Gate (Chrono Boost)  
  23  2:13  Forge  
  23  2:22  Pylon  
  23  2:31  Stalker  
  25  2:37  Adept  
  27  2:53  Protoss Ground Weapons Level 1 (Chrono Boost)  
  27  2:56  Gateway  
  27  2:59  Forge  
  27  3:02  Probe  
  28  3:11  Stalker  
  30  3:13  Sentry  
  32  3:20  Pylon  
  32  3:29  Protoss Ground Armor Level 1 (Chrono Boost)  
  32  3:58  Adept  
  32  3:59  Adept x3  
  40  4:05  Pylon  
  40  4:15  Pylon  
  40  4:35  Zealot  
  40  4:36  Zealot x3  
  48  4:56  Sentry x2  
  48  4:57  Stalker x2  
  56  5:03  Pylon  
  46  5:43  Stalker x4  
  36  6:12  Stalker x2  
  36  6:13  Stalker x2  
  44  6:36  Adept x4  
  36  7:18  Stalker x3  
  36  7:19  Stalker  
  40  7:42  Stalker x3  
  40  7:43  Stalker  
  40  8:05  Zealot  
  40  8:06  Zealot x2  
  40  8:08  Sentry  
  44  8:51  Nexus  
  44  8:55  Sentry x2  
  44  8:56  Sentry  
  44  8:57  Sentry  
  52  9:22  Zealot  
  54  9:43  Zealot x3  
  54  9:44  Zealot  
  62  10:15  Zealot  
  62  10:16  Zealot x2  
  66  10:29  Probe (Chrono Boost)  
  67  10:39  Probe (Chrono Boost)  
  67  10:42  Stalker x2  
  60  10:44  Sentry  
Show
View Real Time Build Order
Export as new Build Order

Kozzy Protoss 

Build Orders:  

Get SALT Encoding   

  12  0:01  Probe  
  13  0:13  Probe  
  14  0:18  Pylon  
  14  0:25  Probe  
  15  0:36  Gateway  
  15  0:43  Probe  
  15  0:47  Assimilator  
  16  0:58  Pylon  
  16  1:00  Probe (Chrono Boost)  
  18  1:12  Probe (Chrono Boost)  
  18  1:17  Probe (Chrono Boost)  
  19  1:26  Probe  
  19  1:32  Zealot (Chrono Boost)  
  20  1:34  Cybernetics Core  
  22  1:50  Gateway  
  22  1:53  Pylon  
  22  1:56  Probe  
  22  1:58  Assimilator  
  23  2:08  Probe  
  23  2:09  Stalker (Chrono Boost)  
  23  2:10  Warp Gate  
  26  2:20  Probe  
  27  2:22  Forge  
  27  2:39  Pylon  
  27  2:48  Probe  
  28  2:53  Pylon  
  28  3:01  Stalker  
  28  3:04  Photon Cannon  
  30  3:06  Shield Battery  
  29  3:23  Probe, Protoss Ground Weapons Level 1 (Chrono Boost)  
  29  3:25  Stalker  
  32  3:36  Shield Battery  
  32  3:41  Stalker  
  34  3:54  Photon Cannon  
  34  3:58  Stalker  
  36  4:12  Pylon  
  36  4:18  Stalker  
  38  4:49  Pylon, Gateway  
  38  5:08  Gateway  
  38  5:10  Stalker x2  
  42  5:26  Pylon  
  30  6:12  Pylon  
  28  6:28  Gateway  
  28  6:32  Stalker x2  
  30  6:34  Stalker  
  30  6:36  Pylon, Stalker  
  36  6:40  Shield Battery  
  32  6:57  Stalker x2  
  34  7:02  Stalker x2  
  26  7:23  Zealot  
  26  7:24  Zealot x2  
  26  7:29  Stalker x2  
  32  7:50  Photon Cannon  
  30  7:54  Pylon  
  30  8:04  Stalker x2  
  34  8:17  Twilight Council  
  34  8:30  Stalker, Shield Battery  
  32  8:46  Stalker  
  32  8:49  Zealot  
  34  9:00  Stalker  
  36  9:12  Charge (Chrono Boost)  
  34  9:46  Zealot x2  
  38  9:58  Zealot  
  40  10:07  Zealot  
  40  10:22  Zealot  
  40  10:27  Zealot  
Tags
 
Matchup
PvP
Spawn Locations
Cross Positions
Add a new tag
Caveats
  • Supply blocks, unpowered buildings, or Contaminate may cause inaccurate times.
  • Supply counts are checked every 10 seconds.